IL
CHARLOTTE KNIGHTS @ TACOMA RAINIERS
08/08/2045
 
TOP OF THE 1ST
Charlotte Knights batting - Pitching for Tacoma Rainiers : LHP Alex Villagran
Pitching: LHP Alex Villagran
Batting: RHB Steve Martin 0-0: Foul Ball, location: 2F
0-1: Ball
1-1: SINGLE (Groundball, 4D, EV 98.1 MPH)
Batting: RHB Brad Boals 0-0: Ball
1-0: Fly out, F7 (Flyball, 7, EV 94.4 MPH)
Batting: LHB Angel Tellez 0-0: Called Strike
0-1: Ball
1-1: Ball
2-1: Foul Ball, location: 2F
2-2: Foul Ball, location: 2F
2-2: Fly out, F8 (Line Drive, 8LD, EV 96.2 MPH)
Batting: RHB Micah Brown 0-0: Ball
1-0: Swinging Strike
1-1: Foul Ball, location: 2F
1-2: Ground out 5-3 (Groundball, 5, EV 91.9 MPH)
Top of the 1st over - 0 runs, 1 hit, 0 errors, 1 left on base; Charlotte 0 - Tacoma 0
BOTTOM OF THE 1ST
Tacoma Rainiers batting - Pitching for Charlotte Knights : RHP Andy Gibson
Pitching: RHP Andy Gibson
Batting: RHB Tatsunori Hayakawa 0-0: Called Strike
0-1: Ball
1-1: Swinging Strike
1-2: Strikes out swinging
Batting: RHB Ivan Colon 0-0: Called Strike
0-1: Ball
1-1: Swinging Strike
1-2: Strikes out swinging
Batting: RHB Eddie LaRose 0-0: Called Strike
0-1: Ball
1-1: Foul Ball, location: 2F
1-2: Ball
2-2: Ground out 4-3 (Groundball, 4, EV 86.2 MPH)
Bottom of the 1st over - 0 runs, 0 hits, 0 errors, 0 left on base; Charlotte 0 - Tacoma 0
TOP OF THE 2ND
Charlotte Knights batting - Pitching for Tacoma Rainiers : LHP Alex Villagran
Batting: LHB Hirakito Herring 0-0: Ball
1-0: SINGLE (Groundball, 3S, EV 73.8 MPH) (infield hit)
Batting: LHB John Thurman 0-0: Ball
1-0: Called Strike
1-1: Ball
2-1: SINGLE (Line Drive, 5D, EV 95.6 MPH)
Hirakito Herring to second
Batting: LHB James Betron 0-0: Called Strike
0-1: Ball
1-1: Ball
2-1: Ball
3-1: Swinging Strike
3-2: Grounds into double play, 3-6-1 (Groundball, 3, EV 96.9 MPH)
Hirakito Herring to third
Batting: LHB Kevin Rolison 0-0: Called Strike
0-1: Ground out 4-3 (Groundball, 4, EV 101.2 MPH)
Top of the 2nd over - 0 runs, 2 hits, 0 errors, 1 left on base; Charlotte 0 - Tacoma 0
BOTTOM OF THE 2ND
Tacoma Rainiers batting - Pitching for Charlotte Knights : RHP Andy Gibson
Batting: LHB Cliff Thomas 0-0: Ball
1-0: Ball
2-0: Ball
3-0: Called Strike
3-1: SINGLE (Line Drive, 34, EV 94.4 MPH)
Batting: RHB Kevin Chafe 0-0: Swinging Strike
0-1: Ball
1-1: Swinging Strike
1-2: Strikes out swinging
Batting: SHB Tony de Lara 0-0: Ball
1-0: SINGLE (Groundball, 34S, EV 66.9 MPH) (infield hit)
Cliff Thomas to second
Batting: RHB Sumiki Ryu 0-0: Grounds into double play, 6-4-3 (Groundball, 56, EV 81.9 MPH)
Bottom of the 2nd over - 0 runs, 2 hits, 0 errors, 1 left on base; Charlotte 0 - Tacoma 0
TOP OF THE 3RD
Charlotte Knights batting - Pitching for Tacoma Rainiers : LHP Alex Villagran
Batting: RHB Toshimi Shishido 0-0: Ball
1-0: Ball
2-0: Ball
3-0: Called Strike
3-1: Called Strike
3-2: SOLO HOME RUN (Flyball, 78XD, EV 103.1 MPH), Distance : 411 ft
Batting: RHB Steve Martin 0-0: Ball
1-0: Called Strike
1-1: Ball
2-1: Ball
3-1: Foul Ball, location: 2F
3-2: Strikes out swinging
Batting: RHB Brad Boals 0-0: Foul Ball, location: 2F
0-1: Fly out, F4 (Line Drive, 4, EV 70.0 MPH)
Batting: LHB Angel Tellez 0-0: Called Strike
0-1: Ball
1-1: Ball
2-1: Foul Ball, location: 2F
2-2: Foul Ball, location: 2F
2-2: Ground out 6-3 (Groundball, 6MS, EV 70.6 MPH)
Top of the 3rd over - 1 run, 1 hit, 0 errors, 0 left on base; Charlotte 1 - Tacoma 0
BOTTOM OF THE 3RD
Tacoma Rainiers batting - Pitching for Charlotte Knights : RHP Andy Gibson
Batting: RHB David Aguilar 0-0: Called Strike
0-1: Ball
1-1: Called Strike
1-2: Ball
2-2: Ground out 6-3 (Groundball, 6, EV 93.8 MPH)
Batting: RHB Josh O'Neal 0-0: Called Strike
0-1: Ball
1-1: Ground out 6-3 (Groundball, 4MS, EV 79.4 MPH)
Batting: RHB Tatsunori Hayakawa 0-0: Called Strike
0-1: Fly out, F9 (Flyball, 9LD, EV 89.4 MPH)
Bottom of the 3rd over - 0 runs, 0 hits, 0 errors, 0 left on base; Charlotte 1 - Tacoma 0
TOP OF THE 4TH
Charlotte Knights batting - Pitching for Tacoma Rainiers : LHP Alex Villagran
Batting: RHB Micah Brown 0-0: SINGLE (Groundball, 6MD, EV 109.4 MPH)
Batting: LHB Hirakito Herring 0-0: Ball
1-0: Reached on error, E4 (Groundball, 34D, EV 108.1 MPH)
Micah Brown to third
Batting: LHB John Thurman 0-0: Foul Ball, location: 2F
0-1: Swinging Strike
0-2: Ball
1-2: Fly out, F8 (Flyball, 8RS, EV 82.5 MPH)
Batting: LHB James Betron 0-0: Foul Ball, location: 2F
0-1: SINGLE (Groundball, 34D, EV 96.9 MPH)
Micah Brown scores
Hirakito Herring to third
Batting: LHB Kevin Rolison 0-0: Ball
1-0: Called Strike
1-1: Foul Ball, location: 2F
1-2: Foul Ball, location: 2F
1-2: Strikes out swinging
Batting: RHB Toshimi Shishido 0-0: Foul Ball, location: 2F
0-1: Ball
1-1: Ball
2-1: Called Strike
James Betron steals 2nd base
2-2: 3-RUN HOME RUN (Flyball, 7D, EV 94.4 MPH), Distance : 382 ft
Batting: RHB Steve Martin 0-0: Ground out 4-3 (Groundball, 4, EV 98.8 MPH)
Top of the 4th over - 4 runs, 3 hits, 1 error, 0 left on base; Charlotte 5 - Tacoma 0
BOTTOM OF THE 4TH
Tacoma Rainiers batting - Pitching for Charlotte Knights : RHP Andy Gibson
Batting: RHB Ivan Colon 0-0: Ball
1-0: Ground out U3 (Groundball, 34, EV 90.6 MPH)
Batting: RHB Eddie LaRose 0-0: Ball
1-0: Called Strike
1-1: Swinging Strike
1-2: Strikes out swinging
Batting: LHB Cliff Thomas 0-0: Ground out 4-3 (Groundball, 4, EV 84.4 MPH)
Bottom of the 4th over - 0 runs, 0 hits, 0 errors, 0 left on base; Charlotte 5 - Tacoma 0
TOP OF THE 5TH
Charlotte Knights batting - Pitching for Tacoma Rainiers : LHP Alex Villagran
Batting: RHB Brad Boals 0-0: Called Strike
0-1: SINGLE (Line Drive, 56, EV 102.5 MPH)
Batting: LHB Angel Tellez 0-0: Fly out, F9 (Line Drive, 9D, EV 90.0 MPH)
Batting: RHB Micah Brown 0-0: Ball
1-0: Ball
2-0: Fly out, F7 (Flyball, 7S, EV 93.1 MPH)
Batting: LHB Hirakito Herring 0-0: Called Strike
Brad Boals is caught stealing 2nd base 2-6
Top of the 5th over - 0 runs, 1 hit, 0 errors, 0 left on base; Charlotte 5 - Tacoma 0
BOTTOM OF THE 5TH
Tacoma Rainiers batting - Pitching for Charlotte Knights : RHP Andy Gibson
Batting: RHB Kevin Chafe 0-0: Ball
1-0: SINGLE (Line Drive, 4MD, EV 98.8 MPH)
Batting: SHB Tony de Lara 0-0: Fly out, F7 (Flyball, 7, EV 81.2 MPH)
Batting: RHB Sumiki Ryu 0-0: Foul Ball, location: 2F
0-1: Called Strike
0-2: Foul Ball, location: 2F
0-2: Ball
1-2: Ball
2-2: Ball
3-2: Base on Balls
Kevin Chafe to second
Batting: RHB David Aguilar 0-0: Called Strike
0-1: Foul Ball, location: 2F
0-2: Foul Ball, location: 2F
0-2: Ball
1-2: Foul Ball, location: 2F
1-2: Strikes out swinging
Batting: RHB Josh O'Neal 0-0: Foul Ball, location: 2F
0-1: Ground out 4-3 (Groundball, 4, EV 103.1 MPH)
Bottom of the 5th over - 0 runs, 1 hit, 0 errors, 2 left on base; Charlotte 5 - Tacoma 0
TOP OF THE 6TH
Charlotte Knights batting - Pitching for Tacoma Rainiers : LHP Alex Villagran
Pitching: RHP Amine Laurent
Batting: LHB Hirakito Herring 0-0: Ball
1-0: Ball
2-0: Ball
3-0: Foul Ball, location: 2F
3-1: Base on Balls
Batting: LHB John Thurman 0-0: Ball
1-0: Called Strike
1-1: Ball
2-1: Ball
3-1: SINGLE (Groundball, 4MD, EV 96.9 MPH)
Hirakito Herring to second
Runner from 2nd tries for 3rd, SAFE, throw by CF made to third
John Thurman to second
Batting: LHB James Betron 0-0: Called Strike
0-1: Ball
1-1: Ball
2-1: Called Strike
2-2: Ball
3-2: Base on Balls
Batting: LHB Kevin Rolison 0-0: Foul Ball, location: 2F
0-1: Called Strike
0-2: Foul Ball, location: 2F
0-2: Ball
1-2: Fly out, F9 (Flyball, 9D, EV 95.0 MPH)
Runner from 3rd tags up, SCORES, no throw by RF
John Thurman to third
Batting: RHB Toshimi Shishido 0-0: Ball
1-0: Ball
2-0: Called Strike
James Betron steals 2nd base
2-1: Swinging Strike
2-2: Ball
3-2: Foul Ball, location: 2F
3-2: Strikes out swinging
Batting: RHB Steve Martin 0-0: Ground out 4-3 (Groundball, 4MS, EV 85.6 MPH)
Top of the 6th over - 1 run, 1 hit, 0 errors, 2 left on base; Charlotte 6 - Tacoma 0
BOTTOM OF THE 6TH
Tacoma Rainiers batting - Pitching for Charlotte Knights : RHP Andy Gibson
Batting: RHB Tatsunori Hayakawa 0-0: Fly out, F8 (Flyball, 8LM, EV 88.8 MPH)
Batting: RHB Ivan Colon 0-0: Called Strike
0-1: Foul Ball, location: 2F
0-2: Reached on error, E5 (Groundball, 56S, EV 95.0 MPH)
Batting: RHB Eddie LaRose 0-0: Ball
1-0: Called Strike
1-1: Called Strike
1-2: Grounds into double play, 6-4-3 (Groundball, 6, EV 105.0 MPH)
Bottom of the 6th over - 0 runs, 0 hits, 1 error, 0 left on base; Charlotte 6 - Tacoma 0
TOP OF THE 7TH
Charlotte Knights batting - Pitching for Tacoma Rainiers : RHP Amine Laurent
Batting: RHB Brad Boals 0-0: Called Strike
0-1: Swinging Strike
0-2: Foul Ball, location: 2F
0-2: SINGLE (Groundball, 6MD, EV 108.1 MPH)
Batting: LHB Angel Tellez 0-0: Ball
Brad Boals steals 2nd base
1-0: Called Strike
1-1: Ball
2-1: Fly out, F9 (Line Drive, 9D, EV 96.9 MPH)
Runner from 2nd tags up, SAFE at 3rd, no throw by RF
Batting: RHB Micah Brown 0-0: DOUBLE (Flyball, 78XD, EV 100.0 MPH)
Brad Boals scores
Batting: LHB Hirakito Herring 0-0: Ball
1-0: Called Strike
1-1: Ball
2-1: Ball
3-1: Foul Ball, location: 2F
3-2: Base on Balls
Pinch Hitting: RHB Herb Craig 0-0: Ball
1-0: Foul Ball, location: 2F
1-1: Ball
2-1: Grounds into double play, 4-6-3 (Groundball, 4, EV 88.1 MPH)
Top of the 7th over - 1 run, 2 hits, 0 errors, 1 left on base; Charlotte 7 - Tacoma 0
BOTTOM OF THE 7TH
Tacoma Rainiers batting - Pitching for Charlotte Knights : RHP Andy Gibson
Now at 1B: Herb Craig
Now in RF: James Betron
Batting: LHB Cliff Thomas 0-0: Ball
1-0: Ball
2-0: Swinging Strike
2-1: Ball
3-1: Called Strike
3-2: Strikes out swinging
Batting: RHB Kevin Chafe 0-0: Ball
1-0: Swinging Strike
1-1: Ball
2-1: Foul Ball, location: 2F
2-2: Strikes out swinging
Pinch Hitting: RHB Jim Begger 0-0: Foul Ball, location: 2F
0-1: Swinging Strike
0-2: Ball
1-2: DOUBLE (Line Drive, 89D, EV 109.4 MPH)
Batting: RHB Sumiki Ryu 0-0: Foul Ball, location: 2F
0-1: Ball
1-1: Ball
2-1: Ball
3-1: Base on Balls
Batting: RHB David Aguilar 0-0: Ball
1-0: Fielders Choice at 2nd, 6-4 (Groundball, 6, EV 83.8 MPH)
Bottom of the 7th over - 0 runs, 1 hit, 0 errors, 2 left on base; Charlotte 7 - Tacoma 0
TOP OF THE 8TH
Charlotte Knights batting - Pitching for Tacoma Rainiers : RHP Amine Laurent
Pitching: RHP Settan Suzuki
Now at 3B: Jim Begger
Batting: LHB James Betron 0-0: Swinging Strike
0-1: Called Strike
0-2: Fly out, F3 (Line Drive, 3, EV 69.4 MPH)
Batting: RHB Tim Nordahl 0-0: Ground out 4-3 (Groundball, 4, EV 84.4 MPH)
Batting: RHB Toshimi Shishido 0-0: Fly out, F6 (Flyball, 6MD, EV 80.6 MPH)
Top of the 8th over - 0 runs, 0 hits, 0 errors, 0 left on base; Charlotte 7 - Tacoma 0
BOTTOM OF THE 8TH
Tacoma Rainiers batting - Pitching for Charlotte Knights : RHP Andy Gibson
Batting: RHB Josh O'Neal 0-0: Foul Ball, location: 2F
0-1: Ball
1-1: Ball
2-1: Ball
3-1: SINGLE (Groundball, 34D, EV 96.9 MPH)
Batting: RHB Tatsunori Hayakawa 0-0: Ball
1-0: SINGLE (Groundball, 4MD, EV 98.1 MPH)
Josh O'Neal to second
Batting: RHB Ivan Colon 0-0: Foul Ball, location: 2F
0-1: Ball
1-1: Grounds into double play, 6-4-3 (Groundball, 6M, EV 101.9 MPH)
Josh O'Neal to third
Pitching: LHP Josh Vaca
Batting: RHB Eddie LaRose 0-0: Ball
1-0: Called Strike
1-1: Ball
2-1: Foul Ball, location: 2F
2-2: Fly out, F8 (Flyball, 8RM, EV 78.1 MPH)
Bottom of the 8th over - 0 runs, 2 hits, 0 errors, 1 left on base; Charlotte 7 - Tacoma 0
TOP OF THE 9TH
Charlotte Knights batting - Pitching for Tacoma Rainiers : RHP Settan Suzuki
Batting: RHB Steve Martin 0-0: Ball
1-0: Ball
2-0: Ball
3-0: Called Strike
3-1: Base on Balls
Batting: RHB Brad Boals 0-0: Foul Ball, location: 2F
0-1: Ball
1-1: Ball
2-1: Ball
3-1: Grounds into double play, 6-4-3 (Groundball, 6M, EV 92.5 MPH)
Batting: LHB Angel Tellez 0-0: Ball
1-0: Called Strike
1-1: Ball
2-1: Ground out 5-3 (Groundball, 56, EV 80.0 MPH)
Top of the 9th over - 0 runs, 0 hits, 0 errors, 0 left on base; Charlotte 7 - Tacoma 0
BOTTOM OF THE 9TH
Tacoma Rainiers batting - Pitching for Charlotte Knights : LHP Josh Vaca
Batting: LHB Cliff Thomas 0-0: Ball
1-0: Called Strike
1-1: Ball
2-1: Ball
3-1: Called Strike
3-2: Fly out, F9 (Line Drive, 9, EV 88.8 MPH)
Batting: RHB Kevin Chafe 0-0: Ball
1-0: Ball
2-0: Ground out 5-3 (Groundball, 56, EV 93.1 MPH)
Batting: RHB Jim Begger 0-0: Ball
1-0: Called Strike
1-1: Ground out 6-3 (Groundball, 6D, EV 102.5 MPH)
Bottom of the 9th over - 0 runs, 0 hits, 0 errors, 0 left on base; Charlotte 7 - Tacoma 0
Wednesday, June 22nd , 2022 - OOTP Baseball 23.4 Build 64